AoeStats
← So sad

Nomad

506890841Analyzed
3v3 RM · 16d ago on Sep 15, 2026· 29m 30s· 6 players
Game mode
Random Map
Map size
210×210
Population
200
Speed
Normal
Resources
Standard
Victory
Conquest
Starting age
Dark Age
Ending age
Imperial Age
RankedLock teamsTeams togetherTeam positionsShared explorationLock speedFull tech treeHidden civsTurbo modeCheats
Victory
Defeat
🇺🇦 Persians · Ukraine
1377
+16
🇧🇾 Poles · Belarus
1376
+17
🇧🇾 Inca · Belarus
1337
+19
🇳🇱 Berbers · Netherlands
1409
-18
🇳🇱 Tupi · Netherlands
1377
-17
🇳🇱 Japanese · Netherlands
1373
-17
So sad
4:57 Loom
15:49 Feudal Age
17:53 Champi Runner
21:24 Town Watch
24:44 Castle Age
23:15 Fletching
24:39 Double-Bit Axe
27:04 Guard Tower
28:46 Fishing Lines
HURMA
2:56 Loom
14:07 Feudal Age
14:32 Fishing Lines
15:42 Wheelbarrow
16:14 Double-Bit Axe
20:01 Castle Age
21:20 Bow Saw
21:18 Gillnets
22:15 Scale Barding Armor
22:20 Forging
23:39 Hand Cart
23:11 Light Cavalry
24:02 Bloodlines
23:52 Husbandry
24:42 Chain Barding Armor
24:59 Iron Casting
25:34 Town Watch
26:48 Medium Warships
26:36 Horse Collar
27:16 Heavy Plow
29:29 Gold Mining
29:30 Stone Mining
NiL
9:44 Loom
13:24 Feudal Age
13:22 Man-at-Arms
14:19 Arson
14:46 Forging
24:04 Castle Age
22:02 Horse Collar
23:14 Double-Bit Axe
23:24 Fishing Lines
26:06 Fletching
26:16 Padded Archer Armor
26:20 Scale Mail Armor
26:35 Gillnets
29:49 Chain Mail Armor
29:30 Bodkin Arrow
30:13 Iron Casting
29:06 Long Swordsman
29:31 Gambesons
29:47 Squires
[NAK]_Harry Carry
3:01 Loom
14:44 Feudal Age
16:07 Man-at-Arms
20:36 Fishing Lines
23:31 Arson
28:05 Castle Age
26:37 Scale Mail Armor
27:56 Double-Bit Axe
28:10 Gold Mining
28:02 Horse Collar
28:10 Long Swordsman
28:36 Gambesons
29:52 Wheelbarrow
29:47 Squires
[NAK]_Spetter
4:00 Loom
13:15 Feudal Age
17:22 Castle Age
15:25 Gold Mining
16:13 Double-Bit Axe
16:20 Fletching
19:00 Padded Archer Armor
18:57 Bodkin Arrow
22:18 Wheelbarrow
23:18 Leather Archer Armor
26:37 Horse Collar
29:43 Husbandry
29:53 Bloodlines
[NAK]_Rucommander
4:44 Loom
15:36 Feudal Age
22:28 Castle Age
Connection lost

Rejoining the realm…

Still unreachable

The connection could not be restored.

Session expired

The server has moved on; the page needs a fresh start.